 Dungeon Crawl Stone Soup version 0.30-a0-341-g682706514a (webtiles) character file.

Game seed: 18174434568042276527

3856 zishaf the Jinx (level 9, -10/70 HPs)
             Began as a Vampire Enchanter on Nov 3, 2022.
             Mangled by a two-headed ogre
             ... wielding a +0 giant club
              (19 damage)
             ... on level 9 of the Dungeon.
             The game lasted 00:18:49 (9644 turns).

zishaf the Jinx (Vampire Enchanter)                 Turns: 9644, Time: 00:18:50

Health: -10/70     AC:  7    Str:  7    XL:     9   Next: 99%
Magic:  13/15      EV: 15    Int: 31    God:
Gold:   1103       SH: 10    Dex: 17    Spells: 7/16 levels left

rFire   . . .      SeeInvis +    b - +2 dagger (pain)
rCold   + . .      Faith    .    k - +0 kite shield
rNeg    . . .      Spirit   .    j - +2 robe of Existentialism {rPois rC+ Int+3 Dex+3}
rPois   +          Reflect  .    B - +1 helmet {SInv}
rElec   .          Harm     .    (no cloak)
rCorr   .          Rampage  .    (no gloves)
Will    .....                    C - +0 pair of boots
Stlth   +++.......               (no amulet)
HPRegen 0.51/turn                z - +4 ring of evasion
MPRegen 0.14/turn                r - +6 ring of intelligence

@: healing quickly
A: alive, fangs 3, see invisible, vampiric 2
a: Exsanguinate


You were on level 9 of the Dungeon.
You visited 2 branches of the dungeon, and saw 10 of its levels.

You collected 1463 gold pieces.
You spent 360 gold pieces at shops.

Inventory:

Hand Weapons
 a - a +2 dagger
 b - a +2 dagger of pain (weapon)
Armour
 j - the +2 robe of Existentialism (worn) {rPois rC+ Int+3 Dex+3}
   (You found it on level 5 of the Dungeon)

   Int:       It affects your intelligence (+3).
   Dex:       It affects your dexterity (+3).
   rC:        It protects you from cold.
   rPois:     It protects you from poison.
 k - a +0 kite shield (worn)
 B - a +1 helmet of see invisible (worn)
 C - a +0 pair of boots (worn)
Magical Staves
 g - a staff of conjuration
Jewellery
 o - a ring of willpower
 r - a +6 ring of intelligence (right hand)
 u - a ring of positive energy
 z - a +4 ring of evasion (left hand)
Wands
 d - a wand of roots (10)
 t - a wand of flame (18)
Scrolls
 e - 3 scrolls of enchant armour
 h - 3 scrolls of identify
 i - 5 scrolls of teleportation
 n - 3 scrolls of butterflies
 q - a scroll of poison
 v - 2 scrolls of amnesia
 x - a scroll of enchant weapon
 y - a scroll of blinking
 A - a scroll of magic mapping {unknown}
Potions
 c - 3 potions of invisibility
 f - 5 potions of flight
 l - 4 potions of brilliance
 m - 2 potions of mutation
 p - 6 potions of curing
 s - a potion of attraction {unknown}
 w - a potion of haste {unknown}


   Skills:
 + Level 6.3 Fighting
 - Level 6.0 Short Blades
 - Level 2.1 Dodging
 - Level 6.0 Stealth
 - Level 5.0 Shields
 + Level 4.4 Spellcasting
 - Level 10.0 Hexes
 + Level 3.5 Necromancy
 - Level 4.0 Ice Magic


You had 7 spell levels left.
You knew the following spells:

 Your Spells              Type           Power      Damage    Failure   Level
a - Ensorcelled Hibernat  Hex/Ice        100%       N/A       1%          2
c - Dispel Undead         Necr           28%        3d13      36%         4
A - Confusing Touch       Hex            62%        N/A       1%          3

Your spell library contained the following spells:

 Spells                   Type           Power      Damage    Failure   Level
 Tukima's Dance           Hex            62%        N/A       1%          3
 Cause Fear               Hex            31%        N/A       2%          4
 Dazzling Flash           Conj/Hex       74%        N/A       6%          3
 Kiss of Death            Conj/Necr      68%        2d10      8%          1
 Anguish                  Hex/Necr       24%        N/A       10%         4
 Magic Dart               Conj           24%        1d4       16%         1
 Sandblast                Erth           12%        2d6       16%         1
 Call Imp                 Summ           6%         N/A       24%         2
 Passwall                 Tmut/Erth      5%         N/A       24%         2
 Gell's Gravitas          Tloc           6%         N/A       43%         3
 Ignite Poison            Fire/Tmut/Pois 6%         N/A       43%         3
 Kindle Blastsparks       Fire/Tloc/Air  12%        2d11      43%         3
 Lesser Beckoning         Tloc           12%        N/A       43%         3
 Mephitic Cloud           Conj/Pois/Air  6%         N/A       43%         3
 Spider Form              Tmut/Pois      6%         N/A       43%         3
 Stone Arrow              Conj/Erth      12%        3d7       43%         3
 Teleport Other           Tloc           6%         N/A       43%         3
 Yara's Violent Unravell  Hex/Tmut       18%        3d9       50%         5
 Iskenderun's Mystic Bla  Conj/Tloc      6%         2d4       85%         4
 Enfeeble                 Hex            31%        N/A       92%         7
 Freezing Cloud           Conj/Ice/Air   7%         6-21      95%         5
 Starburst                Conj/Fire      3%         6d3       100%        6
 Dragon Form              Tmut           3%         N/A       100%        7
 Dragon's Call            Summ           3%         N/A       100%        9


Dungeon Overview and Level Annotations

Branches:
Dungeon (9/15)             Temple (1/1) D:6
   Lair: D:8-11         Orc: D:9-12

Altars:
Ashenzari
Cheibriados
Dithmenos
Fedhas
Gozag
Kikubaaqudgha
Makhleb
Nemelex Xobeh
Okawaru
Qazlal
Ru
Sif Muna
Trog
Uskayaw
Vehumet
Xom
Yredelemnul

Shops:
D:8 [

Annotations:
D:5 3 runed translucent doors, drewk1942's ghost, amateur MfGl


Innate Abilities, Weirdness & Mutations

Your natural rate of healing is accelerated.
You have razor-sharp teeth.
You have supernaturally acute eyesight. (SInv)
You are afflicted with vampirism and can become a bat while bloodless.


Message History

Where to? (Enter - D:8 @ (x,y), ? - help)
There is a stone staircase leading down here.
You climb downwards.
Found a scroll of noise.
Found a stone staircase leading down and a stone staircase leading up.
There is a stone staircase leading up here.
There are monsters nearby!
The hornet buzzes angrily.
The two-headed ogre shouts in stereo!
There is a stone staircase leading up here.
The hornet stings you!
You are poisoned.
You suddenly lose the ability to move!
You stop ascending the stairs.
You feel very sick. The hornet stings you.
You are more poisoned.
You feel yourself slow down. The hornet stings you.
You shrug off the repeated paralysis!
You can move again.
Okay, then.
Casting: Ensorcelled Hibernation (safe; 1% risk of failure)
Confirm with . or Enter, or press ? or * to list all spells.
Okay, then.
Casting: Ensorcelled Hibernation (safe; 1% risk of failure)
Confirm with . or Enter, or press ? or * to list all spells.
Aiming: Ensorcelled Hibernation (safe; 1% risk of failure)
Press: ? - help, Shift-Dir - straight line, f - two-headed ogre
Aim: a two-headed ogre, wielding two +0 giant clubs (chance to affect: 54%)
The two-headed ogre resists with significant effort.
You feel yourself speed up.
You feel extremely sick.
The hornet stings you but does no damage.
The two-headed ogre hits you with a +0 giant club!
The two-headed ogre hits you with a +0 giant club!!
* * * LOW HITPOINT WARNING * * *
The hornet stings you!
* * * LOW HITPOINT WARNING * * *
You are more poisoned.
You feel better. The hornet closely misses you.
The two-headed ogre hits you with a +0 giant club!!
You die...

#.............#
#.............#
#.............#
#.............#
#.............#
#.............#
#.............#
#....@y.......#
#?....O....>..#
#<............#
#.............#
#.............#
###############


You could see a two-headed ogre and a hornet.

Vanquished Creatures
  A two-headed ogre (D:8)
  Pikel (D:5)
  A wyvern (D:7)
  2 steam dragons (D:6)
  An ice beast (D:6)
  3 sky beasts
  A black bear (D:6)
  2 ogres (D:6)
  A centaur (D:5)
  A lemure (D:5)
  A kobold brigand (D:6)
  2 phantoms
  3 necrophages
  4 bullfrogs
  3 scorpions (D:5)
  3 howler monkeys
  3 jellies
  An orc priest (D:6)
  4 hounds
  3 iguanas
  Terence (D:2)
  Natasha (thrice) (D:4)
  6 orc wizards
  10 adders
  A shadow imp (D:6)
  2 white imps
  An ufetubus (D:5)
  4 worms
  2 dart slugs
  22 orcs
  8 ball pythons
  5 bats
  6 endoplasms
  4 giant cockroaches
  7 goblins
  5 hobgoblins
  6 jackals
  2 quokkas
  4 frilled lizards
  13 kobolds
  3 rats
156 creatures vanquished.

Vanquished Creatures (others)
  2 plants (Temple)
2 creatures vanquished.

Grand Total: 158 creatures vanquished

Notes
Turn   | Place    | Note
-------+----------+-------------------------------------------
     0 | D:1      | zishaf the Vampire Enchanter began the quest for the Orb.
     0 | D:1      | Reached XP level 1. HP: 13/13 MP: 3/3
   259 | D:1      | Reached XP level 2. HP: 18/20 MP: 5/5
   429 | D:1      | Learned a level 2 spell: Ensorcelled Hibernation
   582 | D:1      | Reached skill level 5 in Stealth
   591 | D:1      | Reached skill level 1 in Fighting
   657 | D:1      | Gained mutation: You are afflicted with vampirism and can
                  | become a bat while bloodless. [Vampire growth]
   657 | D:1      | Reached XP level 3. HP: 26/26 MP: 6/6
   661 | D:1      | Learned a level 3 spell: Confusing Touch
  1131 | D:2      | Reached skill level 5 in Hexes
  1138 | D:2      | Noticed Terence
  1155 | D:2      | Killed Terence
  1156 | D:2      | Reached XP level 4. HP: 25/25 MP: 0/7
  1246 | D:2      | Reached skill level 1 in Ice Magic
  1802 | D:2      | Found a faded altar of an unknown god.
  2055 | D:2      | Found a shadowy altar of Dithmenos.
  2700 | D:3      | Reached XP level 5. HP: 30/30 MP: 8/8
  3578 | D:4      | Noticed Natasha
  3583 | D:4      | Killed Natasha
  3791 | D:4      | Noticed Natasha
  3795 | D:4      | Killed Natasha
  3796 | D:4      | Reached XP level 6. HP: 35/35 MP: 6/9
  4401 | D:4      | Noticed Natasha
  4410 | D:4      | Killed Natasha
  4411 | D:4      | Reached skill level 6 in Hexes
  4765 | D:5      | Entered Level 5 of the Dungeon
  4796 | D:5      | Identified the +2 robe of Existentialism {rPois rC+ Int+3
                  | Dex+3}
  5166 | D:5      | Found a runed translucent gate.
  5166 | D:5      | Found a runed translucent gate.
  5169 | D:5      | Noticed drewk1942's ghost (amateur MfGl)
  5170 | D:5      | Found a runed translucent gate.
  5174 | D:5      | Identified the +1 scale mail "Etuic" {-Tele rN+ Slay+2}
  5295 | D:5      | Reached skill level 1 in Shields
  5295 | D:5      | Reached XP level 7. HP: 34/45 MP: 5/10
  5401 | D:5      | Learned a level 3 spell: Tukima's Dance
  5567 | D:5      | Noticed Pikel
  5585 | D:5      | Killed Pikel
  5586 | D:5      | Reached skill level 7 in Hexes
  5586 | D:5      | Reached XP level 8. HP: 41/60 MP: 2/11
  5745 | D:5      | Found a hide-covered altar of Uskayaw.
  6048 | D:6      | Identified a scroll of acquirement
  6048 | D:6      | Acquired 938 gold pieces
  6118 | D:6      | Reached skill level 5 in Short Blades
  6130 | D:6      | Reached skill level 8 in Hexes
  6398 | D:6      | Found a staircase to the Ecumenical Temple.
  6407 | Temple   | Entered the Ecumenical Temple
  7049 | D:6      | Reached XP level 9. HP: 60/67 MP: 7/12
  7216 | D:6      | Reached skill level 5 in Fighting
  7819 | D:6      | Learned a level 4 spell: Dispel Undead
  7931 | D:7      | Reached skill level 9 in Hexes
  7958 | D:6      | Reached skill level 5 in Shields
  8030 | D:7      | Reached skill level 1 in Necromancy
  8176 | D:7      | Found a shadowy altar of Dithmenos.
  9052 | D:8      | Noticed a two-headed ogre
  9063 | D:8      | Killed a two-headed ogre
  9064 | D:8      | Reached skill level 10 in Hexes
  9102 | D:8      | Identified the +7 chain mail "Quvautoviv" {rC+ rN+ MP+9}
  9213 | D:8      | Found Gyrob's Antique Armour Emporium.
  9220 | D:8      | Bought a shiny helmet for 225 gold pieces
  9220 | D:8      | Bought a pair of boots for 135 gold pieces
  9311 | D:8      | Found a snail-covered altar of Cheibriados.
  9462 | D:8      | Found a basalt altar of Yredelemnul.
  9462 | D:8      | Found a shimmering altar of Xom.
  9464 | D:8      | Found an ancient bone altar of Kikubaaqudgha.
  9464 | D:8      | Found a shadowy altar of Dithmenos.
  9464 | D:8      | Found a blossoming altar of Fedhas.
  9636 | D:9      | Noticed a two-headed ogre
  9641 | D:9      | Paralysed by a hornet for 2 turns
  9643 | D:9      | HP: 2/70 [hornet (11)]
  9644 | D:9      | Mangled by a two-headed ogre

Illustrated notes

Levels and vault maps discovered:
D:1:      dpeg_arrival_circle_labyrinth_c, layout_loops_ring
D:2:      layout_basic, ebering_ecumenical_altar_rust, basic_altar, hex_medium,
          minmay_pentomino_s2, uniq_terence
D:3:      layout_basic, kennysheep_generic_room_14
D:4:      layout_layer_cave, kennysheep_little_box, uniq_natasha
D:5:      layout_loops_ring, nicolae_overflow_crystal_walls,
          mainiacjoe_overflow_alcove_1, biasface_ghost_orc_armoury,
          chequers_serial_rivers_micro_e, uniq_pikel
D:6:      wad_river_or_something, layout_basic,
          mainiacjoe_overflow_tiny_flanked, minmay_temple_entry_offerings,
          minmay_door_square, minmay_misc_feat_room
D:7:      layout_basic, mainiacjoe_overflow_cross_hatched, lemuel_flamethrower_1
D:8:      layout_gridville, doesnt_xom_only_xom, serial_shops,
          nicolae_shop_temple_entry_statues_fountains, minmay_microvault
D:9:      layout_long_grid, nzn_hepliaklqana_mist_gate,
          nicolae_overflow_two_pavilions, due_lair_maze_entry_diamond,
          chequers_serial_rivers_room_b
Temple:   minmay_temple_forest_path

Skill      XL: |  1  2  3  4  5  6  7  8  9 |
---------------+----------------------------+-----
Stealth        | 5 6 |  6.0
Fighting       | 1 2 3 4 6 |  6.3
Short Blades   | 2 3 4 6 |  6.0
Hexes          | 5 6 7 8 10 | 10.0
Ice Magic      | 1 2 3 4 |  4.0
Shields        | 1 2 4 5 |  5.0
Spellcasting   | 4 |  4.4
Necromancy     | 3 |  3.5
Dodging        | |  2.1

Action                   |  1- 3 |  4- 6 |  7- 9 || total
-------------------------+-------+-------+-------++-------
Melee: Dagger            |    78 |   139 |   163 ||   380
       Bite              |     7 |    10 |    15 ||    32
 Cast: Ensorcelled Hiber |     6 |    33 |    59 ||    98
       Confusing Touch   |       |     1 |     8 ||     9
 Abil: Exsanguinate      |     1 |       |       ||     1
       Revivify          |       |     1 |       ||     1
  Use: Scroll            |       |    14 |     2 ||    16
       Potion            |       |       |     1 ||     1
 Stab: Sleeping          |    17 |    36 |    51 ||   104
       Confused          |       |     2 |     8 ||    10
Armor: Robe              |    16 |    27 |    26 ||    69
Dodge: Dodged            |    49 |    70 |    44 ||   163
Block: Kite shield       |       |       |    55 ||    55

Table legend: (Time is in decaauts)
 A = Elapsed time spent in this place.
 B = Non-inter-level travel time spent in this place.
 C = Inter-level travel time spent in this place.
 D = Time resting spent in this place.
 E = Time spent auto-exploring this place.
 F = Levels seen in this place.
 G = Mean time per level.
                   A        B        C        D        E       F      G
               +--------+--------+--------+--------+--------+-----+--------+
         Total |   9610 |   9176 |    434 |    451 |   7136 |  10 |  961.0 |
       Dungeon |   9199 |   8815 |    384 |    451 |   6852 |   9 | 1022.1 |
        Temple |    411 |    361 |     50 |      0 |    284 |   1 |  411.0 |
               +--------+--------+--------+--------+--------+-----+--------+

Top non-repeatable levels by time:
     D:4: 1735 daAuts
     D:6: 1503 daAuts
     D:2: 1317 daAuts
     D:5: 1251 daAuts
     D:1: 962 daAuts
     D:7: 859 daAuts
     D:8: 831 daAuts
     D:3: 728 daAuts
  Temple: 411 daAuts
     D:9: 8 daAuts
